 Dungeon Crawl Stone Soup version 0.29.1-2-gbd0b4ee654 (webtiles) character file.

Game seed: 14629609644265216626

81 Broccolisk the Magician (level 4, -7/31 HPs)
             Began as a Djinni Conjurer on Nov 11, 2022.
             Mangled by a gnoll
             ... wielding a +0 flail
              (11 damage)
             ... on level 3 of the Dungeon.
             The game lasted 00:03:56 (2664 turns).

Broccolisk the Magician (Djinni Conjurer)           Turns: 2664, Time: 00:03:56

Health: -7/31      AC:  2    Str:  8    XL:     4   Next: 67%
Gold:   138        EV: 12    Int: 19    God:
                   SH:  0    Dex: 12

rFire   + + .      SeeInvis +   k - +3 dagger
rCold   x . .      Faith    .   (no shield)
rNeg    . . .      Spirit   .   a - +0 robe
rPois   ∞          Reflect  .   (no helmet)
rElec   .          Harm     .   (no cloak)
rCorr   .          Rampage  .   (no gloves)
Will    .....                   (boots unavailable)
Stlth   ++........              (no amulet)
HPRegen 0.10/turn               m - ring of see invisible
MPRegen 0.00/turn               (no ring)

@: attractive, flying, very slightly contaminated, slowed, very slow
A: sickness immunity, fire resistance 2, cold vulnerability 1, float, innate
caster, HP casting, extra vitality 1
a: no special abilities


You were on level 3 of the Dungeon.
You visited 1 branch of the dungeon, and saw 3 of its levels.

You collected 138 gold pieces.

Inventory:

Hand Weapons
 k - a +3 dagger (weapon)
Armour
 a - a +0 robe (worn)
Jewellery
 m - a ring of see invisible (left hand)
Scrolls
 d - 5 scrolls of identify {unknown}
 e - a scroll of noise {unknown}
 h - a scroll of amnesia {unknown}
 l - a scroll of blinking {unknown}
 n - a scroll of fog {unknown}
Potions
 b - a potion of mutation {unknown}
 c - a potion of curing {unknown}
 f - a potion of brilliance {unknown}
 g - a potion of heal wounds {unknown}
 i - a potion of attraction
 j - a potion of flight {unknown}
 o - a potion of degeneration {unknown}


   Skills:
 * Level 0.2 Short Blades
 - Level 2.2 Dodging
 + Level 1.9 Stealth
 * Level 4.4 Spellcasting


You couldn't memorise any spells.
You knew the following spells:

 Your Spells              Type           Power      Damage    Failure   Level
a - Magic Dart            Conj           84%        1d7       2%          1
b - Searing Ray           Conj           42%        2d6       3%          2
c - Dazzling Flash        Conj/Hex       42%        N/A       6%          3
d - Fulminant Prism       Conj/Hex       10%        3d9       22%         4
e - Iskenderun's Mystic   Conj/Tloc      21%        2d6       22%         4
f - Necrotise             Necr           84%        1d8       2%          1
Your spell library was empty.

Dungeon Overview and Level Annotations

Branches:
Dungeon (3/15)

Altars:

Shops:
D:1 =


Innate Abilities, Weirdness & Mutations

You are immune to sickness and miasma.
You are immune to poison.
Your flesh is very heat resistant. (rF++)
You are vulnerable to cold. (rC-)
You float through the air rather than walking.
You learn spells naturally, not from books.
Your magical power is your life essence.
You have superior vitality. (+4 MHP)


Message History

The gnoll hits your fulminant prism with a +0 whip.
Your fulminant prism crackles loudly.
The gnoll throws a stone.
The stone hits your fulminant prism.
Your fulminant prism explodes!
The blast of energy engulfs the adder!
You kill the adder!
The blast of energy engulfs the frilled lizard!
You kill the frilled lizard!
The blast of energy engulfs the gnoll.
The gnoll is moderately wounded.
The gnoll barely misses you.
You hear a shout!
You hear a shout!
The gnoll closely misses you.
The gnoll hits you from afar with a +0 spear.
There is an open door here.
Casting: Fulminant Prism (extremely dangerous; 22% risk of failure)
Confirm with . or Enter, or press ? or * to list all spells.
The spell is extremely dangerous to miscast (22% risk of failure)!
Continue anyway?
Aiming: Fulminant Prism (extremely dangerous; 22% risk of failure)
Press: ? - help, Dir - move target You miscast Fulminant Prism.
You feel a strange surge of energy.
You feel as though you will be slow longer.
Casting: Fulminant Prism (extremely dangerous; 22% risk of failure)
Confirm with . or Enter, or press ? or * to list all spells.
The spell is extremely dangerous to miscast (22% risk of failure)!
Continue anyway?
Aiming: Fulminant Prism (extremely dangerous; 22% risk of failure)
Press: ? - help, Dir - move target You conjure a prism of explosive energy!
A fulminant prism comes into view.
A hobgoblin comes into view.
You closely miss the gnoll.
A ball python comes into view.
The gnoll hits you with a +0 flail!
* * * LOW HITPOINT WARNING * * *
The gnoll closely misses you. The gnoll misses you.
Your fulminant prism crackles loudly.
It was a potion of attraction.
You feel attractive to monsters. The gnoll hits you with a +0 flail!
You die...

###..##
.#.......
##..###.#.......
##.##.. .......
#.##.# .......
#..#.# ..†.... .
##...##.......
#.>#.........
##.#gg*..###
#.@g....#
###.....#
##g#### #S# ...
.... ..... .
..... #


You could see 3 gnolls, a hobgoblin, a ball python (distracted) and a friendly
fulminant prism.

Vanquished Creatures
  3 adders
  5 dart slugs
  6 bats
  3 endoplasms
  A giant cockroach (D:1)
  4 goblins
  5 hobgoblins
  3 kobolds
  3 quokkas
  3 ball pythons
  A frilled lizard (D:3)
  7 rats
44 creatures vanquished.

Vanquished Creatures (others)
  2 fulminant prisms (D:3)
2 creatures vanquished.

Grand Total: 46 creatures vanquished

Notes
Turn   | Place    | Note
-------+----------+-------------------------------------------
     0 | D:1      | Broccolisk the Djinni Conjurer began the quest for the Orb.
     0 | D:1      | Broccolisk set off with the following spells memorised:
                  | Magic Dart, Searing Ray, Dazzling Flash, Fulminant Prism,
                  | Iskenderun's Mystic Blast.
     0 | D:1      | Reached XP level 1. HP: 15/15 MP: 0/0
   177 | D:1      | Reached XP level 2. HP: 15/21 MP: 0/0
   878 | D:1      | Reached XP level 3. HP: 21/25 MP: 0/0
   878 | D:1      | Learned a level 1 spell: Necrotise
  1125 | D:1      | Found Duviy's Jewellery Boutique.
  1331 | D:1      | Reached skill level 4 in Spellcasting
  1345 | D:1      | Found a faded altar of an unknown god.
  2067 | D:2      | Reached XP level 4. HP: 25/31 MP: 0/0
  2664 | D:3      | Mangled by a gnoll

Illustrated notes

Levels and vault maps discovered:
D:1:      dpeg_arrival_shelter, layout_loops_corners, serial_shops,
          nicolae_shop_stone, shapermc_ecumenical_altar_flowoftime,
          corexii_corridor_pit, minmay_tripent
D:2:      layout_rooms
D:3:      layout_basic, serial_bayou_pond_b, uniq_grinder

Skill      XL: |  1  2  3 |
---------------+----------+-----
Spellcasting   | 4 |  4.4
Short Blades   | |  0.2
Dodging        | |  2.2
Stealth        | |  1.9

Action                   |  1- 3 |  4- 6 || total
-------------------------+-------+-------++-------
Melee: Dagger            |       |     5 ||     5
 Cast: Magic Dart        |    79 |    16 ||    95
       Fulminant Prism   |       |     3 ||     3
       Iskenderun's Myst |       |     1 ||     1
  Use: Potion            |       |     1 ||     1
Armor: Robe              |     3 |     1 ||     4
Dodge: Dodged            |     3 |     8 ||    11
